 Dungeon Crawl Stone Soup version 0.24-a0-504-gcfb02b9d07 (webtiles) character file.

Game seed: 862738811377417156

562 KristoblXynda the Slasher (level 7, -3/57 HPs)
             Began as a Grey Draconian Fighter on July 16, 2019.
             Was an Initiate of Ashenzari.
             Slain by Pikel
             ... wielding a +1 whip of electrocution
              (13 damage)
             ... on level 4 of the Dungeon.
             The game lasted 00:04:36 (3185 turns).

KristoblXynda the Slasher (Grey Draconian Fighter)  Turns: 3185, Time: 00:04:36

Health: -3/57      AC: 11    Str: 24      XL:     7   Next: 10%
Magic:  7/7        EV: 11    Int:  8 (10) God:    Ashenzari [......]
Gold:   130        SH: 10    Dex:  8 (10) Spells: 6/6 levels left

rFire    . . .     SeeInvis .   a - +0 long sword
rCold    . . .     Gourm    .   b - +0 shield (curse)
rNeg     . . .     Faith    .   (armour unavailable)
rPois    .         Spirit   .   (helmet restricted)
rElec    .         Reflect  .   (no cloak)
rCorr    .         Harm     .   (no gloves)
MR       .....                  (no boots)
Stlth    +.........             (no amulet)
HPRegen  0.19/turn              (no ring)
MPRegen  0.10/turn              (no ring)

@: mighty, berserk cooldown, slowed, very slow
A: walk through water, unfitting armour, unbreathing, cold-blooded, AC +11
a: Curse Item, Renounce Religion


You were on level 4 of the Dungeon.
You worshipped Ashenzari.
Ashenzari was noncommittal.
You were very hungry.

You visited 2 branches of the dungeon, and saw 5 of its levels.

You collected 130 gold pieces.

Inventory:

Hand Weapons
 a - a +0 long sword (weapon)
Armour
 b - a cursed +0 shield (worn)
Scrolls
 i - 2 scrolls of remove curse
 j - a scroll of magic mapping {unknown}
 l - 3 scrolls of teleportation
Potions
 g - a potion of flight
 k - a potion of cancellation
Comestibles
 d - 6 rations


   Skills:
 - Level 3.2 Fighting
 * Level 5.7 Long Blades
 + Level 4.3 Dodging
 + Level 4.7 Shields


You had 6 spell levels left.
You didn't know any spells.
Your spell library was empty.

Dungeon Overview and Level Annotations

Branches:
Dungeon (4/15)             Temple (1/1) D:4

Altars:
Ashenzari
Dithmenos
Elyvilon
Gozag
Makhleb
Nemelex Xobeh
Qazlal
Sif Muna
Uskayaw
Wu Jian
Yredelemnul
The Shining One

Annotations:
D:4 Blork the orc, Pikel


Innate Abilities, Weirdness & Mutations

You can walk through water.
Your dull iron-grey scales are very hard. (AC +11)
You cannot fit into any form of body armour.
You can survive without breathing.
You are cold-blooded and may be slowed by cold attacks.


Message History

Something hits you but does no damage.
Your shield prevents you from hitting something.
Your tail-slap misses something.
Something hits you but does no damage. Pikel closely misses you.
Something hits you but does no damage.
Pikel hits you with a +1 whip of electrocution!
* * * LOW HITPOINT WARNING * * *
Something hits you but does no damage.
The slave shouts!
Something hits you.
* * * LOW HITPOINT WARNING * * *
Something hits you but does no damage. Pikel hits you but does no damage.
Unknown command.
Okay, then.
Unknown command.
Unknown command.
You feel better. Something hits you but does no damage.
Pikel hits you with a +1 whip of electrocution.
* * * LOW HITPOINT WARNING * * *
You are electrocuted!
You die...

.
###.......##........
.#.........###.......
...##...#...# .......
# #..#p#....# #.....#
####.#....#..#..#
.....#
#.....#....##...#
.....
#.......l{.........
#.....##K...#......
.. #.@#....#.?....
#.......#.#..#..#...
#......#...##......
#...... .... ... #
#.........#.#.$.#
###########.. .# ###


You could see Pikel, a slave and a leopard gecko.

Vanquished Creatures
  Edmund (Temple)
  An ogre (D:4)
  A howler monkey (D:4)
  2 hounds
  3 orc priests
  An orc wizard (D:3)
  A hound skeleton (D:4)
  A howler monkey skeleton (D:4)
  2 adders
  An ooze (D:1)
  7 worms
  2 dart slugs
  A leopard gecko (D:2)
  6 orcs
  A ball python (D:2)
  A giant cockroach (D:1)
  6 goblins
  9 hobgoblins
  6 jackals
  6 kobolds
  A quokka (D:4)
  8 bats
  3 frilled lizards
  5 rats
76 creatures vanquished.

Notes
Turn   | Place    | Note
-------+----------+-------------------------------------------
     0 | D:1      | KristoblXynda the Draconian Fighter began the quest for the
                  | Orb.
     0 | D:1      | Reached XP level 1. HP: 19/19 MP: 1/1
   159 | D:1      | Reached XP level 2. HP: 26/26 MP: 2/2
   443 | D:1      | Reached XP level 3. HP: 31/31 MP: 3/3
   604 | D:2      | Reached skill level 3 in Long Blades
  1000 | D:2      | Reached XP level 4. HP: 31/38 MP: 4/4
  1733 | D:3      | Reached skill level 4 in Long Blades
  1808 | D:3      | Reached XP level 5. HP: 23/45 MP: 5/5
  2562 | D:3      | Found a burning altar of Makhleb.
  2610 | D:4      | Noticed Pikel
  2610 | D:4      | Noticed a slave
  2610 | D:4      | Noticed a slave
  2610 | D:4      | Noticed a slave
  2611 | D:4      | Noticed a slave
  2656 | D:4      | Noticed Edmund
  2673 | D:4      | Noticed Blork the orc
  2680 | D:4      | Found a staircase to the Ecumenical Temple.
  2689 | Temple   | Entered the Ecumenical Temple
  2704 | Temple   | Killed Edmund
  2704 | Temple   | Reached skill level 5 in Long Blades
  2704 | Temple   | Reached XP level 6. HP: 21/51 MP: 6/6
  3055 | Temple   | Became a worshipper of Ashenzari the Shackled
  3168 | D:4      | Your scales start taking on a dull iron-grey colour.
  3168 | D:4      | Reached XP level 7. HP: 56/57 MP: 7/7
  3168 | D:4      | Gained mutation: You can survive without breathing. [Grey
                  | Draconian growth]
  3185 | D:4      | Slain by Pikel

Levels and vault maps discovered:
D:1:      minmay_arrival_stone_box, layout_loops_cross
D:2:      cheibrodos_pilgrimage, layout_basic, first_ration, kennysheep_boxes
D:3:      layout_rooms, marbit_many_paths, nrook_campfire,
          chequers_serial_rivers_micro_d
D:4:      layout_rooms, minmay_temple_entry_mini_moons, uniq_crazy_yiuf_cottage,
          uniq_pikel, uniq_blork_the_orc, uniq_edmund
Temple:   minmay_temple_curvy_loop

Skill      XL: |  1  2  3  4  5 |
---------------+----------------+-----
Dodging        | 3 4 |  4.3
Long Blades    | 3 4 5 |  5.7
Shields        | 4 |  4.7
Fighting       | |  3.2

Action                   |  1- 3 |  4- 6 |  7- 9 || total
-------------------------+-------+-------+-------++-------
Melee: Long sword        |    91 |   149 |    14 ||   254
       Tailslap          |    14 |    21 |     2 ||    37
Invok: Curse Item        |       |     1 |       ||     1
  Use: Potion            |     5 |     6 |     1 ||    12
       Scroll            |     2 |     3 |       ||     5
  Eat: Chunk             |       |     3 |       ||     3
       Ration            |       |     1 |       ||     1
Armor: Skin              |    30 |    38 |    19 ||    87
Dodge: Dodged            |    39 |    81 |     1 ||   121
Block: Shield            |    49 |    85 |     6 ||   140
       Rpst.: Long sword |     8 |    25 |       ||    33

Table legend:
 A = Non-vault XP
 B = Vault XP
 C = Vault XP percentage of total XP
 D = Non-vault monster count
 E = Vault monster count
 F = Vault count percentage of total count
                 A         B        C        D         E       F
            +---------+---------+-------+---------+---------+-------
      Total |     540 |     263 |  32.8 |      69 |       7 |   9.2
            +---------+---------+-------+---------+---------+-------
        D:1 |      45 |       0 |   0.0 |      25 |       0 |   0.0
        D:2 |      52 |      93 |  64.1 |      18 |       5 |  21.7
        D:3 |     160 |       6 |   3.6 |      14 |       1 |   6.7
        D:4 |     283 |       0 |   0.0 |      12 |       0 |   0.0
     Temple |       0 |     164 | 100.0 |       0 |       1 | 100.0
            +---------+---------+-------+---------+---------+-------
